[Event "Titled Tuesday Blitz May 03 Early 2022"]
[White "Yuan, Qingyu"]
[Black "Levitskiy, Andrey"]
[WhiteFideId "8609772"]
[BlackFideId "14132885"]
[WhiteElo "2359"]
[BlackElo "2301"]
[Result "0-1"]
[Round "02"]
[TimeControl "180+1"]
[Date "2022.05.03"]
[WhiteClock "0:00:03"]
[BlackClock "0:00:07"]

1. e4 e6 2. d4 d5 3. e5 c5 4. c3 Qb6 5. Nf3 Nc6 6. Bd3 cxd4 7. O-O Bd7 8. Re1 Nge7 9. h4 Rc8 10. Nbd2 dxc3 11. bxc3 Nf5 12. Rb1 Qc7 13. h5 Be7 14. Nb3 h6 15. Bf4 Qd8 16. Qd2 b6 17. Rbc1 O-O 18. g4 Nh4 19. Nxh4 Bxh4 20. Bxh6 f5 21. gxf5 gxh6 22. f6 Bg5 23. f4 Bxf6 24. exf6 Qxf6 25. Rf1 Kh8 26. Qh2 Ne7 27. Kh1 Rxc3 28. Rxc3 Qxc3 29. Qg3 Nf5 30. Qh3 Bb5 31. Bxf5 Qxh3+ 32. Bxh3 Bxf1 33. Bxf1 Rxf4 34. Bh3 Rh4 35. Kg2 e5 36. Kg3 Rxh5 37. Be6 Rg5+ 38. Kf3 e4+ 39. Kf4 Kg7 40. Nd4 Kf6 41. a4 a6 42. Bd7 h5 43. Be6 h4 44. Bd7 Rg1 45. Be6 Rf1+ 46. Ke3 Rd1 47. Bxd5 Ke5 48. Bb3 Rxd4 49. Bc2 Rc4 50. Bb3 Rc3+ 0-1


[Site "https://www.chess.com"]

[Event "Titled Tuesday Blitz May 03 Early 2022"]
[White "Yurovskykh, Oleksandr"]
[Black "Dilmukhametov, Artur"]
[WhiteFideId "14134020"]
[BlackFideId "24179922"]
[WhiteElo "2292"]
[BlackElo "2244"]
[Result "1-0"]
[Round "02"]
[TimeControl "180+1"]
[Date "2022.05.03"]
[WhiteClock "0:01:42"]
[BlackClock "0:00:02"]

1. d4 Nf6 2. Nf3 g6 3. Bg5 Bg7 4. Nbd2 O-O 5. c3 d6 6. e4 Nbd7 7. Be2 e5 8. dxe5 dxe5 9. O-O Re8 10. Re1 b6 11. Bf1 Nc5 12. Qc2 Bb7 13. b4 Ncd7 14. a4 Qc8 15. a5 h6 16. Bh4 g5 17. Bg3 a6 18. Nc4 Nh5 19. Ne3 Nxg3 20. hxg3 b5 21. Nf5 c5 22. Nd6 Qc7 23. Nxe8 Rxe8 24. Rac1 c4 25. Nh2 Qb8 26. Ng4 Nf6 27. Nxf6+ Bxf6 28. Be2 Qa8 29. Bg4 Kg7 30. Bf5 Qb8 31. Rcd1 Qc7 32. Rd2 Bc6 33. Red1 Rd8 34. Rxd8 Bxd8 35. Qd2 Be7 36. Qe3 Kf6 37. f3 h5 38. Kf2 Qb7 39. Ke2 Bf8 40. Rh1 Bh6 41. Rxh5 Kg7 42. Qc5 Qc7 43. Rxh6 1-0


[Site "https://www.chess.com"]

[Event "Titled Tuesday Blitz May 03 Early 2022"]
[White "Zemlyanskii, Ivan"]
[Black "Bortnyk, Olexandr"]
[WhiteFideId "24249971"]
[BlackFideId "14120828"]
[WhiteElo "1759"]
[BlackElo "2723"]
[Result "0-1"]
[Round "02"]
[TimeControl "180+1"]
[Date "2022.05.03"]
[WhiteClock "0:00:14"]
[BlackClock "0:01:26"]

1. d4 d6 2. Nf3 Nf6 3. c4 g6 4. Nc3 Bf5 5. g3 Bg7 6. Bg2 O-O 7. Nh4 Bc8 8. O-O c5 9. Nf3 Na6 10. b3 Bg4 11. Bb2 Qc8 12. Re1 Nc7 13. d5 Ne4 14. Rc1 b5 15. Qc2 Nxc3 16. Bxc3 bxc4 17. bxc4 Qa6 18. Bxg7 Kxg7 19. e4 Bxf3 20. Bxf3 f6 21. Rb1 Rfb8 22. Rb3 Rb6 23. Reb1 Rab8 24. Rxb6 Rxb6 25. Rb3 Qa5 26. Kg2 Na6 27. a3 Nb8 28. Bd1 Nd7 29. f4 Rxb3 30. Qxb3 Qd2+ 31. Kh3 Nb6 32. e5 fxe5 33. fxe5 dxe5 34. Bf3 Qd4 35. Qb5 e4 36. Bg4 Nxc4 37. Qe8 Qf6 38. Be6 e3 39. Qb5 e2 40. Qb1 Qf1+ 0-1


[Site "https://www.chess.com"]

[Event "Titled Tuesday Blitz May 03 Early 2022"]
[White "Zhao, Jun"]
[Black "Khabinets, Ivan"]
[WhiteFideId "8602522"]
[BlackFideId "14115980"]
[WhiteElo "2547"]
[BlackElo "2114"]
[Result "1-0"]
[Round "02"]
[TimeControl "180+1"]
[Date "2022.05.03"]
[WhiteClock "0:00:13"]
[BlackClock "0:00:04"]

1. e4 c5 2. Nf3 d6 3. c3 Nf6 4. h3 Nc6 5. Bd3 g6 6. Bc2 e5 7. O-O Bg7 8. d3 O-O 9. Bg5 h6 10. Bxf6 Bxf6 11. Nbd2 Be6 12. Bb3 d5 13. Re1 Bg7 14. Qc2 Re8 15. Re2 Rc8 16. exd5 Bxd5 17. Rae1 b6 18. Bc4 Qd7 19. Qa4 Rcd8 20. Bb5 Qd6 21. d4 cxd4 22. cxd4 a6 23. Bxc6 Bxc6 24. Qxa6 exd4 25. Rxe8+ Bxe8 26. Nc4 Qb4 27. Qxb6 Qxb6 28. Nxb6 d3 29. Nc4 Bb5 30. Nfd2 Rc8 31. b3 Bc3 32. Rd1 Re8 33. Ne3 f5 34. Ndc4 Bxc4 35. bxc4 f4 36. Nd5 Bd4 37. Nxf4 g5 38. Nxd3 Re2 39. c5 Rxa2 40. c6 Rc2 41. Rc1 Bxf2+ 42. Kf1 Rxc1+ 43. Nxc1 Bb6 44. Ke2 Kf7 45. Kd3 Ke6 46. Kc4 Kd6 47. Kb5 Be3 48. Nb3 h5 49. Na5 Bf2 50. Nc4+ Kc7 51. Ne5 Kd6 52. Nf7+ Kc7 53. Nxg5 h4 54. Ne6+ Kd6 55. Ng7 Kc7 56. Nf5 Be1 57. Kc5 Bf2+ 58. Kd5 Kb6 59. Kd6 Bg3+ 60. Nxg3 1-0


[Site "https://www.chess.com"]

[Event "Titled Tuesday Blitz May 03 Early 2022"]
[White "parintele_chess"]
[Black "Toncheva, Nadya"]
[BlackFideId "2924056"]
[WhiteElo "2217"]
[BlackElo "1884"]
[Result "0-1"]
[Round "02"]
[TimeControl "180+1"]
[Date "2022.05.03"]
[WhiteClock "0:00:13"]
[BlackClock "0:00:10"]

1. d4 d5 2. Bf4 Nf6 3. e3 c5 4. c3 Nc6 5. Nd2 Bf5 6. Ngf3 Qd7 7. Bb5 Qc8 8. h3 e6 9. O-O Be7 10. Ne5 O-O 11. Bxc6 bxc6 12. Qa4 cxd4 13. Nxc6 Re8 14. Nxe7+ Rxe7 15. cxd4 Rb7 16. Rfc1 Qd8 17. b3 Rc8 18. Bg5 Rbc7 19. Qa3 h6 20. Bxf6 gxf6 21. Rxc7 Qxc7 22. Nf3 Kg7 23. Qa6 Qc3 24. Rd1 Qc2 25. Rd2 Qb1+ 26. Kh2 Rc1 27. Qxa7 Rh1+ 28. Kg3 Bxh3 29. gxh3 Qg6+ 30. Kh4 Qf5 31. Qc7 Rxh3# 0-1


[Site "https://www.chess.com"]

[Event "Titled Tuesday Blitz May 03 Early 2022"]
[White "Aaditya Dhingra"]
[Black "Legenia, Artem"]
[WhiteFideId "25678191"]
[BlackFideId "14136945"]
[WhiteElo "1849"]
[BlackElo "1936"]
[Result "1-0"]
[Round "03"]
[TimeControl "180+1"]
[Date "2022.05.03"]
[WhiteClock "0:00:12"]
[BlackClock "0:00:03"]

1. d4 b6 2. e4 Bb7 3. Nc3 e6 4. Bd3 a6 5. a4 g6 6. Nf3 Bg7 7. O-O Ne7 8. Re1 h6 9. Bf4 d6 10. Qd2 Nd7 11. h4 Nf6 12. Rad1 Ng4 13. Bg3 e5 14. dxe5 Nxe5 15. Nxe5 dxe5 16. Qe2 Qc8 17. Bc4 Nc6 18. h5 Nd4 19. Qd3 Qg4 20. Nd5 O-O-O 21. c3 Ne6 22. Bxa6 gxh5 23. Qc4 h4 24. Ne7+ Kb8 25. Nc6+ Bxc6 26. Qxc6 Nc5 27. Be2 Rxd1 28. Bxd1 Qg5 29. Bh2 h3 30. Bf3 Rd8 31. a5 Rd6 32. Qe8+ Rd8 33. Qb5 Rd6 34. axb6 cxb6 35. b4 Nb7 36. Ra1 hxg2 37. Qa6 Qd2 38. Qa8+ Kc7 39. Qg8 Bf6 40. Qxf7+ Kc6 41. Qc4+ Kd7 42. Bg4+ Ke7 43. Qc7+ Kf8 44. Qxb7 Qxc3 45. Ra8+ Rd8 46. Rxd8+ Bxd8 47. Kxg2 1-0


[Site "https://www.chess.com"]

[Event "Titled Tuesday Blitz May 03 Early 2022"]
[White "Abarca Gonzalez, Nicolas"]
[Black "Williams, Simon K"]
[WhiteFideId "3409422"]
[BlackFideId "404454"]
[WhiteElo "2504"]
[BlackElo "2468"]
[Result "1-0"]
[Round "03"]
[TimeControl "180+1"]
[Date "2022.05.03"]
[WhiteClock "0:00:14"]
[BlackClock "0:00:02"]

1. e4 e6 2. d4 d5 3. exd5 exd5 4. c4 Nf6 5. Nc3 Be7 6. Nf3 O-O 7. cxd5 Nxd5 8. Bd3 Nc6 9. O-O Bg4 10. Be4 Nf6 11. Bxc6 bxc6 12. Qd3 c5 13. d5 c6 14. Ne5 cxd5 15. Nxg4 Nxg4 16. Nxd5 Nf6 17. Nxe7+ Qxe7 18. Bg5 Qe5 19. Bxf6 Qxf6 20. b3 Qd4 21. Qa6 Rfd8 22. Rac1 g6 23. Rc4 Qe5 24. Qa5 Rd5 25. g3 Qe7 26. Re1 Qd6 27. Rce4 Kg7 28. Qc3+ Rd4 29. Re7 a5 30. Rb7 a4 31. Ree7 Rf8 32. bxa4 h5 33. a5 h4 34. Qf3 Qf6 35. Qxf6+ Kxf6 36. a6 h3 37. Kf1 Ra4 38. a7 Rxa2 39. Rec7 Rd8 40. Rxf7+ Kg5 41. Rfd7 Rxd7 42. Rxd7 c4 43. f3 c3 44. Rc7 c2 45. Rc5+ Kh6 46. Rxc2 Rxa7 47. Kf2 Ra1 48. g4 Kg5 49. Kg3 Rg1+ 50. Kxh3 Kf4 51. Rc6 g5 52. Rf6+ Ke3 53. Rf5 Kf2 54. Rxg5 Kxf3 55. Rf5+ Ke4 56. Rf8 Ke5 57. Kh4 Ke6 58. h3 Ke7 59. Rf2 Rh1 60. Rf3 Rg1 61. Kh5 Rb1 62. h4 Rb5+ 63. g5 Rc5 64. Kh6 1-0


[Site "https://www.chess.com"]

[Event "Titled Tuesday Blitz May 03 Early 2022"]
[White "Aldokhin, Ivan"]
[Black "Chernomordik, Pavel"]
[WhiteFideId "24115720"]
[BlackFideId "2804530"]
[WhiteElo "2231"]
[BlackElo "2220"]
[Result "1-0"]
[Round "03"]
[TimeControl "180+1"]
[Date "2022.05.03"]
[WhiteClock "0:00:16"]
[BlackClock "0:00:07"]

1. e4 g6 2. d4 Bg7 3. Nc3 d6 4. Bg5 h6 5. Be3 a6 6. Qd2 b5 7. f4 Bb7 8. Bd3 Nd7 9. Nf3 c5 10. dxc5 Nxc5 11. Bxc5 dxc5 12. e5 Bxf3 13. gxf3 c4 14. Be4 Qxd2+ 15. Kxd2 Rd8+ 16. Ke3 e6 17. Bb7 Ne7 18. Rhd1 Nf5+ 19. Ke4 O-O 20. Bxa6 b4 21. Ne2 g5 22. Bxc4 gxf4 23. Nxf4 Rc8 24. Bb3 Rc5 25. Nd3 Ra5 26. f4 Rd8 27. Nxb4 Rc8 28. Rd7 Bf8 29. Nd5 Nd6+ 30. exd6 exd5+ 31. Kd3 Bg7 32. c3 Rc6 33. Re1 Ra8 34. Ree7 1-0


[Site "https://www.chess.com"]

[Event "Titled Tuesday Blitz May 03 Early 2022"]
[White "Andreev, Eduard"]
[Black "Polster, Christian"]
[WhiteFideId "14103400"]
[BlackFideId "12965081"]
[WhiteElo "2382"]
[BlackElo "2293"]
[Result "1-0"]
[Round "03"]
[TimeControl "180+1"]
[Date "2022.05.03"]
[WhiteClock "0:00:40"]
[BlackClock "0:00:02"]

1. e4 c5 2. Nf3 d6 3. d4 cxd4 4. Nxd4 Nf6 5. Nc3 a6 6. f3 e5 7. Nb3 Be6 8. Be3 Be7 9. Qd2 O-O 10. O-O-O Nbd7 11. g4 b5 12. g5 b4 13. gxf6 bxc3 14. Qxc3 Nxf6 15. Na5 Qd7 16. Nc6 Rfc8 17. Nxe7+ Qxe7 18. Qa3 Qc7 19. Rd2 d5 20. Bg5 Nd7 21. Rg1 dxe4 22. fxe4 Nc5 23. Qe3 Bxa2 24. Bf6 Nb3+ 25. Kd1 Nxd2 26. Rxg7+ Kf8 27. Qxd2 Rd8 28. Bd3 Rd6 29. Qg5 Rxf6 30. Qxf6 Rd8 31. Qh6 Ke8 32. Rg8+ Ke7 33. Rxd8 Qxd8 34. Qxa6 Be6 35. Qa7+ Kf6 36. Qf2+ Kg7 37. Qg3+ Kf8 38. Qxe5 Qh4 39. Qb8+ Kg7 40. Qg3+ Qxg3 41. hxg3 Kf6 42. Kd2 Kg5 43. Ke3 Kg4 44. Kf2 h5 45. b4 h4 46. gxh4 Kxh4 47. b5 Bc8 48. c4 Kg5 49. Ke3 Kf6 50. Kd4 Ke7 51. c5 Kd7 52. Bc4 f6 53. Bd5 Kc7 54. b6+ Kb8 55. c6 f5 56. c7# 1-0


[Site "https://www.chess.com"]

[Event "Titled Tuesday Blitz May 03 Early 2022"]
[White "Aradhya, Garg"]
[Black "Kouskoutis, Georgios-Alexandros"]
[WhiteFideId "25006746"]
[BlackFideId "4234049"]
[WhiteElo "2735"]
[BlackElo "2541"]
[Result "1/2-1/2"]
[Round "03"]
[TimeControl "180+1"]
[Date "2022.05.03"]
[WhiteClock "0:00:14"]
[BlackClock "0:00:06"]

1. d4 Nf6 2. Nf3 d5 3. c4 e6 4. Nc3 c6 5. Qd3 dxc4 6. Qxc4 b5 7. Qd3 Bb7 8. g4 a6 9. g5 Nd5 10. Bg2 c5 11. dxc5 Bxc5 12. Nxd5 Qxd5 13. Qc3 Nc6 14. O-O O-O 15. Be3 Bxe3 16. fxe3 b4 17. Qc2 Rac8 18. Qd3 Rfd8 19. Qxd5 Rxd5 20. Rfc1 Rdd8 21. Rc4 a5 22. Rac1 Ne7 23. Rc7 Nd5 24. Rxc8 Rxc8 25. Rxc8+ Bxc8 26. Kf2 Ba6 27. Nd4 Ne7 28. Be4 h6 29. h4 hxg5 30. hxg5 Kf8 31. Kf3 Ke8 32. Kf4 Kd7 33. Bd3 Nd5+ 34. Kf3 Bb7 35. e4 Ne7 36. Ke3 Kd6 37. Nf3 Nc6 38. a3 f6 39. gxf6 gxf6 40. Bc4 Ne5 41. Bb3 Nxf3 42. exf3 e5 43. f4 Kc5 44. fxe5 fxe5 45. Ba2 bxa3 46. bxa3 Ba6 47. Bb3 Bc4 48. Bc2 Bb5 49. Bb1 Kc4 50. Bd3+ Kc5 51. Bc2 Bc4 52. Bb1 Bb3 53. Bd3 Bc4 54. Bc2 Ba6 55. Bb3 Bc4 56. Bc2 1/2-1/2


[Site "https://www.chess.com"]

[Event "Titled Tuesday Blitz May 03 Early 2022"]
[White "Aslanov, Umid"]
[Black "Jakubiec, Artur"]
[WhiteFideId "13412620"]
[BlackFideId "1103261"]
[WhiteElo "1796"]
[BlackElo "2473"]
[Result "1/2-1/2"]
[Round "03"]
[TimeControl "180+1"]
[Date "2022.05.03"]
[WhiteClock "0:00:23"]
[BlackClock "0:00:30"]

1. e4 c5 2. Nf3 Nc6 3. d4 cxd4 4. Nxd4 e5 5. Nb5 d6 6. Bg5 Nf6 7. N1c3 a6 8. Na3 b5 9. Nd5 Be7 10. Bxf6 Bxf6 11. c3 Rb8 12. Nc2 Bg5 13. a4 bxa4 14. Rxa4 Rxb2 15. Bxa6 Bd7 16. Bc4 Na5 17. Ncb4 Nxc4 18. Ra8 Bc8 19. Nd3 Rd2 20. Qa4+ Qd7 21. Qxc4 O-O 22. f4 Qg4 23. Kxd2 Qxg2+ 24. Nf2 Qxf2+ 25. Qe2 Bxf4+ 26. Nxf4 Qxf4+ 27. Qe3 Qxe3+ 28. Kxe3 Be6 29. Ra6 Rc8 30. Rc1 d5 31. exd5 Bxd5 32. c4 Bc6 33. c5 Kf8 34. Rb6 Ke7 35. Ra1 Rc7 36. Raa6 Bd5 37. Ra5 Be6 38. Rba6 Bd7 39. Rb6 Bc6 40. Raa6 Bd5 41. Ra5 Bc6 42. Raa6 1/2-1/2


[Site "https://www.chess.com"]

[Event "Titled Tuesday Blitz May 03 Early 2022"]
[White "Atanasov, Anthony"]
[Black "Bocharov, Dmitry"]
[WhiteFideId "2623897"]
[BlackFideId "4138716"]
[WhiteElo "1928"]
[BlackElo "2541"]
[Result "0-1"]
[Round "03"]
[TimeControl "180+1"]
[Date "2022.05.03"]
[WhiteClock "0:00:05"]
[BlackClock "0:00:23"]

1. d4 Nf6 2. Nf3 e6 3. Bf4 c5 4. e3 Nc6 5. Nbd2 b6 6. Nc4 d5 7. Nce5 Nxe5 8. Nxe5 a6 9. c3 Bb7 10. Bd3 Bd6 11. Qa4+ Kf8 12. Bg5 Qc7 13. f4 b5 14. Qd1 Ne4 15. Qh5 Nxg5 16. Qxg5 f6 17. Qh5 Kg8 18. a4 b4 19. Qh3 Re8 20. O-O c4 21. Qh5 Rf8 22. Be2 g6 23. Qh3 Qe7 24. Bg4 Kg7 25. Bxe6 fxe5 26. fxe5 Bc7 27. Rf4 Bc8 28. Rf6 Bxe6 29. Rxe6 Qg5 30. Rxa6 Rf7 31. Rf1 Rhf8 32. Rff6 bxc3 33. bxc3 Rxf6 34. exf6+ Rxf6 0-1


[Site "https://www.chess.com"]

[Event "Titled Tuesday Blitz May 03 Early 2022"]
[White "Avramidou, Anastasia"]
[Black "Cunjalo, Faris"]
[WhiteFideId "4239873"]
[BlackFideId "14410710"]
[WhiteElo "2183"]
[BlackElo "2263"]
[Result "1-0"]
[Round "03"]
[TimeControl "180+1"]
[Date "2022.05.03"]
[WhiteClock "0:00:15"]
[BlackClock "0:00:02"]

1. Nf3 c5 2. c4 Nc6 3. Nc3 g6 4. g3 Bg7 5. Bg2 e6 6. O-O Nge7 7. a3 O-O 8. Rb1 d5 9. cxd5 exd5 10. b4 d4 11. Ne4 c4 12. b5 Na5 13. Qa4 b6 14. d3 Bb7 15. Bf4 c3 16. Be5 Bxe4 17. dxe4 Bxe5 18. Nxe5 Rc8 19. Rbd1 c2 20. Rc1 Qc7 21. Nc6 Nexc6 22. Rxc2 Qd7 23. bxc6 Rxc6 24. Rxc6 Qxc6 25. Qxd4 Rc8 26. e5 Qc3 27. Qd7 Rc7 28. Qd8+ Kg7 29. Qf6+ Kg8 30. Bd5 Qc5 31. Rd1 Qe7 32. Bxf7+ Qxf7 33. Rd8+ 1-0


[Site "https://www.chess.com"]

[Event "Titled Tuesday Blitz May 03 Early 2022"]
[White "Baches Garcia, Guillermo"]
[Black "Vasquez Schroeder, Rodrigo"]
[WhiteFideId "2209764"]
[BlackFideId "3400042"]
[WhiteElo "2518"]
[BlackElo "2882"]
[Result "0-1"]
[Round "03"]
[TimeControl "180+1"]
[Date "2022.05.03"]
[WhiteClock "0:00:01"]
[BlackClock "0:01:09"]

1. e4 c5 2. Nf3 d6 3. d4 cxd4 4. Nxd4 Nf6 5. Nc3 a6 6. Bd3 Nc6 7. Nxc6 bxc6 8. b3 g6 9. Bb2 Bg7 10. Na4 O-O 11. O-O e5 12. c4 Qc7 13. Rc1 Rb8 14. h3 Re8 15. Qd2 Nh5 16. Rfd1 Nf4 17. Bf1 Rd8 18. Rc3 Ne6 19. Rd3 Nd4 20. Nc3 Bb7 21. Ne2 c5 22. Nxd4 exd4 23. Re1 Re8 24. f3 Qe7 25. Qf4 f5 26. Rdd1 fxe4 27. fxe4 Rf8 28. Qg4 Rbe8 29. Bd3 Bc8 30. Qe2 Qh4 31. Rf1 Be5 32. Rxf8+ Rxf8 33. Rf1 Rxf1+ 34. Qxf1 Qg3 35. Qf2 Qg5 36. b4 Bf4 37. Qf3 Be3+ 38. Kh2 cxb4 39. a3 b3 0-1


[Site "https://www.chess.com"]

[Event "Titled Tuesday Blitz May 03 Early 2022"]
[White "Bacrot, Etienne"]
[Black "Samant Aditya S"]
[WhiteFideId "605506"]
[BlackFideId "35080580"]
[WhiteElo "2673"]
[BlackElo "1916"]
[Result "1-0"]
[Round "03"]
[TimeControl "180+1"]
[Date "2022.05.03"]
[WhiteClock "0:00:11"]
[BlackClock "0:00:03"]

1. e4 c5 2. Nf3 d6 3. Bb5+ Bd7 4. Bxd7+ Qxd7 5. O-O Nf6 6. Re1 Nc6 7. c3 e6 8. d4 cxd4 9. cxd4 d5 10. e5 Ne4 11. Nbd2 Nxd2 12. Bxd2 Be7 13. h4 O-O 14. h5 f5 15. exf6 Bxf6 16. Bc3 Qf7 17. Qe2 Rae8 18. Ne5 Bxe5 19. dxe5 Qf4 20. Rad1 Rd8 21. Rd3 d4 22. Bd2 Qf5 23. g4 Qf7 24. f4 Rd5 25. Rc1 Rfd8 26. Qe4 Qd7 27. Be1 a5 28. a3 Qf7 29. Bg3 g6 30. hxg6 Qxg6 31. f5 exf5 32. gxf5 Qg5 33. Rxc6 bxc6 34. Kh2 Rc5 35. Bh4 Rc2+ 36. Kh3 Qc1 37. Rg3+ Kf8 38. Bxd8 Qf1+ 39. Kg4 Qd1+ 40. Qf3 Qd2 41. Qf4 Qd1+ 42. Kg5 Rh2 43. Kf6 Qh5 44. Be7+ Ke8 45. Rg8+ Kd7 46. e6# 1-0


[Site "https://www.chess.com"]

[Event "Titled Tuesday Blitz May 03 Early 2022"]
[White "Barp, Alberto"]
[Black "Mammadzada, Gunay"]
[WhiteFideId "872555"]
[BlackFideId "13403729"]
[WhiteElo "2229"]
[BlackElo "2242"]
[Result "1-0"]
[Round "03"]
[TimeControl "180+1"]
[Date "2022.05.03"]
[WhiteClock "0:02:14"]
[BlackClock "0:01:21"]

1. d4 d5 2. Nf3 Nf6 3. Bf4 c5 4. e3 e6 5. Nbd2 Nc6 6. c3 Bd6 7. Bg3 O-O 8. Bd3 Qc7 9. dxc5 Bxg3 10. hxg3 e5 11. e4 Rd8 12. Qe2 Bg4 13. exd5 Rxd5 14. Ne4 Nd7 15. Bc4 Rxc5 16. Bxf7+ Kxf7 17. Nfg5+ 1-0


[Site "https://www.chess.com"]

[Event "Titled Tuesday Blitz May 03 Early 2022"]
[White "Barria Zuniga, Daniel"]
[Black "Kashtanov, Ruslan"]
[WhiteFideId "3400816"]
[BlackFideId "4124871"]
[WhiteElo "2414"]
[BlackElo "2168"]
[Result "0-1"]
[Round "03"]
[TimeControl "180+1"]
[Date "2022.05.03"]
[WhiteClock "0:00:06"]
[BlackClock "0:00:59"]

1. c4 Nf6 2. Nc3 e6 3. g3 d5 4. Bg2 d4 5. Na4 c5 6. b4 cxb4 7. d3 Nc6 8. Nf3 Bd6 9. O-O O-O 10. a3 a5 11. axb4 Bxb4 12. Ba3 e5 13. Qb3 Bg4 14. h3 Bf5 15. Nh4 Be6 16. Bxb4 axb4 17. Nc5 Qb6 18. Nxe6 fxe6 19. c5 Na5 20. cxb6 Nxb3 21. Rxa8 Rxa8 22. Rb1 Ra1 23. Rxa1 Nxa1 24. Bxb7 Nd7 25. Bc8 Nxb6 26. Bxe6+ Kf8 27. f4 exf4 28. gxf4 b3 29. Nf5 b2 30. Ba2 Na4 31. Nxd4 Nc3 32. Nc2 Nxc2 0-1


[Site "https://www.chess.com"]

[Event "Titled Tuesday Blitz May 03 Early 2022"]
[White "Bartel, Michal"]
[Black "Balabayeva, Xeniya"]
[WhiteFideId "1119257"]
[BlackFideId "13719688"]
[WhiteElo "2211"]
[BlackElo "1941"]
[Result "1-0"]
[Round "03"]
[TimeControl "180+1"]
[Date "2022.05.03"]
[WhiteClock "0:02:07"]
[BlackClock "0:00:17"]

1. e4 c6 2. d4 d5 3. e5 Bf5 4. Nd2 e6 5. Nb3 Nd7 6. Be3 Rc8 7. Nf3 a6 8. Be2 Bg4 9. O-O Bxf3 10. Bxf3 c5 11. c3 c4 12. Nd2 Ne7 13. Bg4 Qb6 14. Rb1 Qa5 15. a3 b5 16. f4 g6 17. Bf2 Qb6 18. Bh3 h5 19. Nf3 Nf5 20. Ng5 Be7 21. g3 O-O 22. Bg2 a5 23. Bf3 Kg7 24. h3 Nh6 25. g4 hxg4 26. hxg4 b4 27. axb4 axb4 28. Kg2 Ra8 29. Rh1 Rh8 30. Bh4 Ra2 31. Kg3 f6 32. exf6+ Bxf6 33. b3 bxc3 34. bxc4 Qc7 35. Nxe6+ Kf7 36. Nxc7 1-0


[Site "https://www.chess.com"]

[Event "Titled Tuesday Blitz May 03 Early 2022"]
[White "Bashirli, Saadat"]
[Black "Khamdamova, Afruza"]
[WhiteFideId "13429990"]
[BlackFideId "14210444"]
[WhiteElo "1173"]
[BlackElo "1660"]
[Result "0-1"]
[Round "03"]
[TimeControl "180+1"]
[Date "2022.05.03"]
[WhiteClock "0:00:04"]
[BlackClock "0:01:46"]

1. d4 Nf6 2. Bg5 Ne4 3. Bf4 d5 4. c4 e6 5. a3 c5 6. e3 Nc6 7. Nf3 cxd4 8. exd4 Be7 9. cxd5 exd5 10. Bd3 O-O 11. O-O Bg4 12. h3 Bxf3 13. Qxf3 Nxd4 14. Qe3 Nf5 15. Qf3 Nh4 16. Qe2 f5 17. f3 Bc5+ 18. Kh2 Nf6 19. Qe6+ Kh8 20. Qe2 Bd6 21. Bxd6 Qxd6+ 22. Kh1 Nh5 23. Kg1 Ng3 24. Qf2 Nxf1 25. Qxf1 Rae8 26. Nc3 Qg3 27. Nxd5 Rd8 28. Bc4 b5 29. Bb3 Rfe8 30. Rd1 h6 31. Ba2 a5 32. Qxb5 Qxg2# 0-1


[Site "https://www.chess.com"]

[Event "Titled Tuesday Blitz May 03 Early 2022"]
[White "Begunov, Konstantin"]
[Black "Vokarev, Sergey"]
[WhiteFideId "4118510"]
[BlackFideId "4119711"]
[WhiteElo "2262"]
[BlackElo "2343"]
[Result "0-1"]
[Round "03"]
[TimeControl "180+1"]
[Date "2022.05.03"]
[WhiteClock "0:00:04"]
[BlackClock "0:00:33"]

1. d4 d5 2. c4 dxc4 3. Nf3 a6 4. e3 b5 5. a4 Bb7 6. b3 e6 7. axb5 axb5 8. Rxa8 Bxa8 9. bxc4 bxc4 10. Bxc4 Nf6 11. O-O Be7 12. Qa4+ Nbd7 13. Ne5 O-O 14. Nc6 Nb6 15. Nxe7+ Qxe7 16. Ba3 Nxa4 17. Bxe7 Rb8 18. Nd2 Nd5 19. Ba3 Ndc3 20. Rc1 Bd5 21. Bd3 f5 22. f3 Ba8 23. Kf2 Kf7 24. e4 fxe4 25. Nxe4 Nd5 26. Ng5+ Ke8 27. Bxh7 Rb3 28. Bg6+ Kd7 29. Bc5 Nf4 30. Be4 Bxe4 31. Rc4 Bc6 32. Nf7 Nd3+ 33. Kg3 Rc3 0-1


[Site "https://www.chess.com"]

[Event "Titled Tuesday Blitz May 03 Early 2022"]
[White "Bettalli, Francesco"]
[Black "De Souza, Cristiano Gomes"]
[WhiteFideId "2816453"]
[BlackFideId "2151758"]
[WhiteElo "2216"]
[BlackElo "2068"]
[Result "1-0"]
[Round "03"]
[TimeControl "180+1"]
[Date "2022.05.03"]
[WhiteClock "0:01:11"]
[BlackClock "0:00:42"]

1. d4 Nf6 2. Nc3 g6 3. e4 d6 4. Bf4 c6 5. Qd2 b5 6. f3 b4 7. Nce2 a5 8. O-O-O Ba6 9. h4 h5 10. Nh3 Nbd7 11. e5 Nd5 12. e6 fxe6 13. Ng5 Nxf4 14. Nxf4 Qb6 15. Ngxe6 Bh6 16. Ng5 Nf6 17. Nxg6 Rg8 18. Bd3 Qxd4 19. Rhe1 Bxd3 20. Nxe7 Kd7 21. Nxg8 Rxg8 22. Qxd3 Qxd3 23. Rxd3 Nd5 24. Kb1 Bxg5 25. hxg5 Rxg5 26. Rd2 Nf4 27. a3 h4 28. Rg1 bxa3 29. bxa3 Rg3 30. Rh1 Nxg2 31. Rh2 Ne1 32. Rxh4 Nxf3 33. Rh7+ Ke6 34. Rh6+ Ke5 35. Rdxd6 Nd4 36. Rdg6 Rxa3 37. Rh5+ Kf4 38. Rc5 Ra4 39. Rh6 Rb4+ 40. Kc1 Nf3 41. Rf6+ Kg3 42. Rc3 Rf4 43. Rxf4 Kxf4 44. Rxc6 Ke3 45. Rc3+ Ke4 46. Ra3 Nd4 47. Rxa5 1-0


[Site "https://www.chess.com"]

[Event "Titled Tuesday Blitz May 03 Early 2022"]
[White "Bintang, Rasyid A. Hidayat"]
[Black "Jain, Naveen"]
[WhiteFideId "7105355"]
[BlackFideId "5003970"]
[WhiteElo "2408"]
[BlackElo "2036"]
[Result "1-0"]
[Round "03"]
[TimeControl "180+1"]
[Date "2022.05.03"]
[WhiteClock "0:01:07"]
[BlackClock "0:00:18"]

1. d4 Nf6 2. Bf4 e6 3. e3 d5 4. Nd2 Bd6 5. Bg3 c5 6. c3 Nc6 7. Ngf3 O-O 8. Bd3 b6 9. e4 dxe4 10. Nxe4 Nxe4 11. Bxe4 Bb7 12. dxc5 Bxc5 13. Qa4 Na5 14. Rd1 Qe8 15. Qxe8 Rfxe8 16. b4 Bxe4 17. bxc5 Bxf3 18. gxf3 bxc5 19. O-O Nc4 20. Rd7 Nb6 21. Rc7 Rec8 22. Rb7 c4 23. Rd1 Nd5 24. Be5 f6 25. Bd4 a5 26. Rdb1 Rc6 27. Rd7 Rc7 28. Rd6 Kf7 29. Re1 Ke7 30. Rxd5 Rb8 1-0


[Site "https://www.chess.com"]

[Event "Titled Tuesday Blitz May 03 Early 2022"]
[White "Bongo Akanga Ndjila, Barthelemy"]
[Black "Fernandez Siles, Luis"]
[WhiteFideId "10609431"]
[BlackFideId "2209420"]
[WhiteElo "1768"]
[BlackElo "2212"]
[Result "0-1"]
[Round "03"]
[TimeControl "180+1"]
[Date "2022.05.03"]
[WhiteClock "0:00:58"]
[BlackClock "0:00:43"]

1. d4 Nf6 2. c4 g6 3. Nc3 Bg7 4. e4 d6 5. Be2 O-O 6. Nf3 c5 7. d5 e6 8. O-O Na6 9. Re1 Nc7 10. a4 b6 11. e5 dxe5 12. d6 Nce8 13. Nxe5 Nxd6 14. Bf3 Bb7 15. Nc6 Bxc6 16. Bxc6 Rc8 17. Bf3 Nxc4 18. Qe2 Nd6 19. Rd1 Qe7 20. Bf4 Rfd8 21. Bg5 h6 22. Bh4 g5 23. Bg3 Nf5 24. Be5 Rxd1+ 25. Rxd1 Rd8 26. Nb5 Nd5 27. Bxg7 Kxg7 28. g4 Nd4 29. Nxd4 cxd4 30. Rxd4 Qf6 31. Bxd5 Qxd4 32. Bc6 Qd1+ 33. Qxd1 Rxd1+ 34. Kg2 Rd4 35. f3 Rb4 36. Kg3 Rxb2 37. h4 f6 38. hxg5 hxg5 39. Bb5 Kf7 40. f4 Rb3+ 41. Kf2 gxf4 0-1


[Site "https://www.chess.com"]